 Dungeon Crawl Stone Soup version 0.25-a0-294-gea9b1ad (webtiles) character file.

Game seed: 14718096686713403385, levelgen mode: deterministic

565 MrTaco21 the Cudgeler (level 7, -3/52 HPs)
             Began as a Formicid Fighter on Dec 18, 2019.
             Slain by Blork the orc
             ... wielding a +0 dire flail
              (8 damage)
             ... on level 5 of the Dungeon.
             The game lasted 00:06:24 (3765 turns).

MrTaco21 the Cudgeler (Formicid Fighter)            Turns: 3765, Time: 00:06:24

Health: -3/52      AC:  9    Str: 23    XL:     7   Next: 58%
Magic:  7/7        EV:  6    Int:  7    God:
Gold:   180        SH:  9    Dex: 10    Spells: 6/6 levels left

rFire    . . .     SeeInvis +   a - +0 flail
rCold    . . .     Gourm    .   c - +0 shield
rNeg     . . .     Faith    .   q - +0 chain mail {MR+}
rPois    .         Spirit   .   (helmet unavailable)
rElec    .         Reflect  .   (no cloak)
rCorr    .         Harm     .   (no gloves)
MR       ++...                  (no boots)
Stlth    ..........             (no amulet)
HPRegen  0.17/turn              l - ring of protection from magic
MPRegen  0.10/turn              (no ring)

@: no status effects
A: permanent stasis, dig shafts and tunnels, four strong arms, antennae 3
a: Dig, Shaft Self


You were on level 5 of the Dungeon.
You were hungry.

You visited 1 branch of the dungeon, and saw 5 of its levels.

You collected 180 gold pieces.

Inventory:

Hand Weapons
 a - a +0 flail (weapon)
Armour
 c - a +0 shield (worn)
 q - a +0 chain mail of magic resistance (worn)
   (You took it off Terence on level 2 of the Dungeon)
Jewellery
 l - a ring of protection from magic (left hand)
   (You found it on level 3 of the Dungeon)
Scrolls
 b - a scroll of fog {unknown}
 h - 3 scrolls of amnesia
 k - 2 scrolls of identify {@r1}
 m - a scroll of blinking {unknown}
 n - a scroll of magic mapping {unknown}
 o - a scroll of random uselessness {unknown}
 r - 2 scrolls of teleportation {unknown}
 w - a scroll of remove curse {unknown}
Potions
 d - 3 potions of might
 f - a potion of ambrosia {unknown}
 g - 3 potions of brilliance {unknown}
 i - a potion of agility {unknown}
 j - a potion of degeneration {unknown}
 p - 2 potions of flight {unknown}
 s - 3 potions of curing {unknown}
 t - a potion of berserk rage {unknown}
 u - a potion of invisibility {unknown}
Comestibles
 e - 7 rations {!d}


   Skills:
 - Level 3.2 Fighting
 + Level 7.9 Maces & Flails
 - Level 3.2 Armour
 - Level 3.6 Shields


You had 6 spell levels left.
You didn't know any spells.
Your spell library was empty.

Dungeon Overview and Level Annotations

Branches:
Dungeon (5/15)
 Temple: D:4-7

Altars:
Sif Muna
The Shining One

Annotations:
D:5 Blork the orc


Innate Abilities, Weirdness & Mutations

You cannot be hasted, slowed, berserked, paralysed or teleported.
You can dig through walls and to a lower floor.
Your four strong arms can wield two-handed weapons with a shield.
You have a pair of large antennae on your head. (SInv)


Message History

You closely miss the crimson imp.
The crimson imp hits you but does no damage.
You hit the crimson imp. You block the crimson imp's attack.
You sock the crimson imp!
You kill the crimson imp!
Things that are here:
a +0 club; 2 curare-tipped darts {!f}
There is a stone staircase leading down here.
You are feeling hungry.
Found a ring mail.
You open the door.
Found a robe.
There is an open door here.
You sense a monster nearby.
Blork the orc comes into view.
He is wielding a +0 dire flail and wearing a +1 robe of the Archmagi.
Blork the orc hits you with a +0 dire flail!
Found a scroll labeled ONECHOTSIOD.
You hit Blork the orc but do no damage.
Blork the orc hits you with a +0 dire flail.
Your chain mail prevents you from hitting Blork the orc.
Blork the orc hits you with a +0 dire flail.
Your shield prevents you from hitting Blork the orc.
Blork the orc looks satisfied for a moment.
You barely miss Blork the orc.
Blork the orc hits you with a +0 dire flail!
* * * LOW HITPOINT WARNING * * *
You sock Blork the orc! You block Blork the orc's attack.
Unknown command.
You hit Blork the orc.
Blork the orc hits you but does no damage.
You barely miss Blork the orc.
Blork the orc hits you with a +0 dire flail.
* * * LOW HITPOINT WARNING * * *
You barely miss Blork the orc.
Blork the orc casts a spell.
Blork the orc seems to speed up.
Unknown command.
Unknown command.
You sock Blork the orc!
You hear the brisk rusting of a distant drain.
Blork the orc hits you with a +0 dire flail.
* * * LOW HITPOINT WARNING * * *
You hit Blork the orc but do no damage.
Blork the orc gestures wildly while chanting.
Blork the orc flickers and vanishes for a moment.
Blork the orc hits you with a +0 dire flail!
* * * LOW HITPOINT WARNING * * *
You closely miss Blork the orc.
Blork the orc hits you with a +0 dire flail!
You die...

#......'.....[.
#......#######.
#......#
#..[...#
#......#
####.###
#####.# #.....#
#@##### #o# #.#
... ... ...?.
..... #......


You could see Blork the orc (invisible).

Vanquished Creatures
  Sigmund (D:3)
  An ogre (D:4)
  A howler monkey (D:5)
  A crimson imp (D:5)
  Terence (D:2)
  2 worker ants (D:5)
  3 gnolls (D:2)
  6 adders
  2 oozes
  An adder skeleton (D:4)
  2 worms
  A dart slug (D:1)
  3 leopard geckos
  An orc (D:4)
  6 bats
  6 giant cockroaches
  6 goblins
  8 hobgoblins
  4 jackals (D:2)
  A quokka (D:2)
  2 ball pythons
  5 frilled lizards
  4 kobolds
  A quokka skeleton (D:4)
  10 rats
79 creatures vanquished.

Notes
Turn   | Place    | Note
-------+----------+-------------------------------------------
     0 | D:1      | MrTaco21 the Formicid Fighter began the quest for the Orb.
     0 | D:1      | Reached XP level 1. HP: 18/18 MP: 1/1
   109 | D:1      | Reached XP level 2. HP: 24/24 MP: 2/2
   254 | D:1      | Reached skill level 3 in Maces & Flails
   316 | D:1      | Reached XP level 3. HP: 21/29 MP: 3/3
   711 | D:2      | Found a shimmering blue altar of Sif Muna.
   867 | D:2      | Noticed Terence
   880 | D:2      | Killed Terence
   880 | D:2      | Reached skill level 4 in Maces & Flails
   880 | D:2      | Reached XP level 4. HP: 31/35 MP: 4/4
  1041 | D:2      | Found a faded altar of an unknown god.
  1067 | D:2      | Reached XP level 5. HP: 41/41 MP: 5/5
  1229 | D:2      | Found a glowing golden altar of the Shining One.
  1422 | D:2      | Reached skill level 5 in Maces & Flails
  1739 | D:3      | Noticed Sigmund
  1955 | D:3      | Killed Sigmund
  1955 | D:3      | Reached skill level 6 in Maces & Flails
  1955 | D:3      | Reached XP level 6. HP: 37/47 MP: 6/6
  3059 | D:4      | Noticed an ogre
  3315 | D:4      | Killed an ogre
  3315 | D:4      | Reached skill level 7 in Maces & Flails
  3315 | D:4      | Reached XP level 7. HP: 48/52 MP: 7/7
  3465 | D:5      | Entered Level 5 of the Dungeon
  3753 | D:5      | Noticed Blork the orc
  3765 | D:5      | Slain by Blork the orc

Levels and vault maps discovered:
D:1:      dpeg_arrival_court, layout_basic
D:2:      layout_basic, lemuel_doored_altar, tso_oasis_becter, first_ration,
          chequers_ecumenical_altar_simple, chequers_serial_rivers_marsh,
          uniq_terence
D:3:      layout_loops_ring, minmay_misc_feat_roman, uniq_sigmund
D:4:      layout_gridville
D:5:      cheibrodos_thug_alley, layout_basic, portal_sewer_entry_d,
          uniq_edmund, uniq_blork_the_orc

Skill      XL: |  1  2  3  4  5  6 |
---------------+-------------------+-----
Maces & Flails | 3 4 6 7 |  7.9
Fighting       | |  3.2
Armour         | |  3.2
Shields        | |  3.6

Action                   |  1- 3 |  4- 6 |  7- 9 || total
-------------------------+-------+-------+-------++-------
Melee: Flail             |   110 |   172 |    54 ||   336
  Use: Scroll            |       |     2 |       ||     2
  Eat: Chunk             |       |     7 |     2 ||     9
Armor: Scale mail        |    41 |       |       ||    41
       Chain mail        |       |    80 |    26 ||   106
Dodge: Dodged            |    31 |    53 |    18 ||   102
Block: Shield            |    70 |    80 |    29 ||   179

Table legend:
 A = Non-vault XP
 B = Vault XP
 C = Vault XP percentage of total XP
 D = Non-vault monster count
 E = Vault monster count
 F = Vault count percentage of total count
                 A         B        C        D         E       F
            +---------+---------+-------+---------+---------+-------
      Total |     545 |     263 |  32.5 |      77 |       2 |   2.5
            +---------+---------+-------+---------+---------+-------
        D:1 |      37 |       0 |   0.0 |      20 |       0 |   0.0
        D:2 |     133 |      36 |  21.3 |      31 |       1 |   3.1
        D:3 |      28 |     227 |  89.0 |       9 |       1 |  10.0
        D:4 |     169 |       0 |   0.0 |      11 |       0 |   0.0
        D:5 |     178 |       0 |   0.0 |       6 |       0 |   0.0
            +---------+---------+-------+---------+---------+-------
